Description

https://www.youtube.com/watch?v=TC_p7PYG-OY

VOD

https://www.youtube.com/watch?v=TC_p7PYG-OY

Replay - 2019-06-10 - (P)Harstem VS (T)A.I. 1 (Very Easy)

Build Order

Get SALT Encoding   

  12  0:00  Probe  
  13  0:13  Probe  
  14  0:17  Pylon  
  14  0:24  Probe  
  15  0:32  Probe  
  15  0:37  Gateway  
  15  0:40  Probe  
  16  0:49  Assimilator  
  17  0:51  Probe  
  18  1:03  Probe  
  19  1:15  Probe  
  20  1:22  Nexus  
  20  1:32  Cybernetics Core  
  20  1:35  Probe  
  21  1:40  Assimilator  
  21  1:47  Probe  
  21  1:50  Pylon  
  22  1:59  Adept  
  26  2:17  Stargate  
  26  2:29  Adept  
  29  2:30  Warp Gate  
  34  2:52  Oracle  
  40  3:11  Gateway x2  
  40  3:19  Oracle  
  42  3:22  Pylon  
  46  3:36  Assimilator x2  
  48  3:42  Pylon  
  48  3:44  Adept  
  50  3:52  Pylon  
  50  3:53  Oracle  
  58  4:19  Adept x3  
  64  4:31  Twilight Council, Forge  
  66  4:47  Nexus  
  68  4:56  Charge  
  68  5:00  Sentry  
  70  5:11  Gateway x3  
  70  5:19  Templar Archives  
  70  5:28  Gateway x2  
  71  5:40  Sentry  
  75  5:56  High Templar x2  
  80  6:00  Archon  
  83  6:06  Zealot x4  
  90  6:23  High Templar x2  
  94  6:26  Zealot x5  
  94  6:28  Archon  
  94  6:31  Sentry  
Spawning Tool Build Advisor. Get it on Overwolf

Go to:

Details

  • Created by: Hoplite111
  • Published on: Jul 09, 2019
  • Modified on: Jul 09, 2019
  • Patch: 4.7.1
Show
View Real Time Build Order
Export as new Build Order

Comments (0)

There are no comments. Be the first!

Create an account to comment!